 Dungeon Crawl Stone Soup version 0.29.1-13-g9f3cf754e1 (webtiles) character file.

Game seed: 7583542226602262919

40 Hrothgar the Trooper (level 3, 0/34 HPs)
             Began as a Minotaur Chaos Knight on Jan 23, 2023.
             Was a Plaything of Xom.
             Slain by an orc priest
             ... wielding a +0 flail
              (8 damage)
             ... on level 3 of the Dungeon.
             The game lasted 00:02:27 (542 turns).

Hrothgar the Trooper (Minotaur Chaos Knight)         Turns: 542, Time: 00:02:36

Health: 0/34       AC:  5    Str: 16    XL:     3   Next: 30%
Magic:  2/2        EV: 11    Int: 11    God:    Xom [......]
Gold:   51         SH:  0    Dex:  9    Spells: 1/2 levels left

rFire   . . .      SeeInvis .   a - +0 hand axe (chaos)
rCold   + . .      Faith    .   (no shield)
rNeg    . . .      Spirit   .   b - +2 leather armour
rPois   .          Reflect  .   (helmet restricted)
rElec   .          Harm     .   (no cloak)
rCorr   .          Rampage  .   (no gloves)
Will    .....                   (no boots)
Stlth   ..........              (no amulet)
HPRegen 0.11/turn               g - ring of protection from cold
MPRegen 0.08/turn               (no ring)

@: silenced (expiring)
A: horns 2, retaliatory headbutt
a: Renounce Religion


You were on level 3 of the Dungeon.
You worshipped Xom.
You were a very special plaything of Xom.
You visited 1 branch of the dungeon, and saw 3 of its levels.

You collected 51 gold pieces.

Inventory:

Hand Weapons
 a - a +0 hand axe of chaos (weapon)
Missiles
 i - 5 poisoned darts (quivered)
Armour
 b - a +2 leather armour (worn)
Jewellery
 g - a ring of protection from cold (left hand)
Wands
 f - a wand of polymorph (7)
Scrolls
 d - a scroll of amnesia
Potions
 h - a potion of heal wounds {unknown}
Miscellaneous
 c - a piece from Xom's chessboard (15/15)


   Skills:
 * Level 4.3 Fighting
 * Level 4.1 Axes
 * Level 0.2 Throwing
 * Level 2.6 Armour
 * Level 1.3 Dodging
 * Level 0.4 Stealth
 * Level 0.2 Spellcasting
 * Level 0.4 Evocations


You had one spell level left.
You knew the following spells:

 Your Spells              Type           Power      Damage    Failure   Level
a - Slow                  Hex            0%         N/A       38%         1

Your spell library contained the following spells:

 Spells                   Type           Power      Damage    Failure   Level
 Confusing Touch          Hex            0%         N/A       77%         3
 Vampiric Draining        Necr           0%         2d6       77%         3


Dungeon Overview and Level Annotations

Branches:
Dungeon (3/15)

Altars:


Innate Abilities, Weirdness & Mutations

You have a pair of horns on your head.
You reflexively headbutt those who attack you in melee.


Message History

You finish memorising.
Spell assigned to 'a'.
There is a stone staircase leading down here.
You climb downwards.
The endoplasm quivers.
Found a warped helmet and 12 gold pieces.
There is a stone staircase leading up here.
Found a stone staircase leading up.
The orc priest mumbles some strange prayers to Beogh against you.
Beogh smites you! The orc hits you with a +0 hand axe.
You barely miss the orc wizard. You closely miss the orc.
You hit the orc priest. You freeze the orc priest. You hit the orc.
You freeze the orc.
The orc wizard hits you but does no damage.
The orc priest calls upon Beogh to heal the orc.
The orc's wounds heal themselves!
The orc closely misses you. x2
You furiously retaliate!
You headbutt the orc!
You kill the orc!
You completely miss the orc wizard. You hit the orc. You burn the orc.
You kill the orc!
You hit the orc. You hit the orc priest.
The orc wizard hits you but does no damage.
The orc priest looks satisfied for a moment.
The orc hits you with a +0 hand axe.
Unknown command.
You hit the orc priest but do no damage.
The orc priest is poisoned.
You headbutt the orc priest, but do no damage.
The orc priest is severely wounded.
You barely miss the orc. You hit the endoplasm. You burn the endoplasm.
You hit the orc wizard. You burn the orc wizard.
Xom's power touches on a nearby monster.
The kobold evaporates and reforms as a killer bee!
The endoplasm freezes you.
You are frozen.
You resist.
The orc wizard hits you with a +0 dagger.
* * * LOW HITPOINT WARNING * * *
The orc priest hits you with a +0 flail!
You die...
Xom bursts into laughter!

....# #.#.#
#.#.##
#...$##
###[....##
........#
#Jo)...#
####.###.@o.#
.....)y<.#o##
.#.#.#####.#
.# ##


You could see a killer bee, an orc priest (very poisoned), an orc wizard, an orc
and an endoplasm.

Vanquished Creatures
  2 adders (D:2)
  A worm (D:2)
  2 orcs (D:3)
  2 ball pythons
  An endoplasm (D:1)
  A giant cockroach (D:2)
  3 goblins
  A kobold (D:1)
  2 bats (D:1)
  A frilled lizard (D:1)
  A rat (D:1)
17 creatures vanquished.

Notes
Turn   | Place    | Note
-------+----------+-------------------------------------------
     0 | D:1      | Hrothgar the Minotaur Chaos Knight began the quest for the
                  | Orb.
     0 | D:1      | Reached XP level 1. HP: 19/19 MP: 0/0
    45 | D:1      | XOM: silly message
    99 | D:1      | XOM: silly message
   125 | D:1      | XOM: divination: detect creatures
   194 | D:1      | Found a faded altar of an unknown god.
   259 | D:1      | Reached XP level 2. HP: 27/27 MP: 1/1
   384 | D:2      | Reached XP level 3. HP: 25/33 MP: 2/2
   533 | D:2      | Learned a level 1 spell: Slow
   542 | D:3      | Noticed a killer bee
   542 | D:3      | a kobold changed into a killer bee
   542 | D:3      | XOM: polymorph kobold -> killer bee
   542 | D:3      | Slain by an orc priest

Illustrated notes

Levels and vault maps discovered:
D:1:      minmay_arrival_four_circles, layout_loops_ring, serial_shops,
          nicolae_shop_temple_entry_statues_fountains,
          dreamdust_ecumenical_altar_statues
D:2:      layout_rooms, minivault_24
D:3:      kennysheep_the_goblin_king, layout_loops_ring

Skill      XL: |  1  2 |
---------------+-------+-----
Fighting       | 4 |  4.3
Axes           | 4 |  4.1
Throwing       | |  0.2
Armour         | |  2.6
Dodging        | |  1.3
Stealth        | |  0.4
Spellcasting   | |  0.2
Evocations     | |  0.4

Action                   || total
-------------------------++-------
Melee: Hand axe          ||    33
       Headbutt          ||     2
  Use: Scroll            ||     5
Armor: Leather armour    ||    20
Dodge: Dodged            ||    15
